 Dungeon Crawl Stone Soup version 0.29.1-2-gbd0b4ee654 (webtiles) character file.

Game seed: 14358626235244727483

2103 safid the Skirmisher (level 9, -1/111 (121) HPs)
             Began as a Minotaur Hunter on Oct 26, 2022.
             Was a Priest of Okawaru.
             Killed from afar by Maggie (17 damage)
             ... with a bolt of fire
             ... on level 7 of the Dungeon on Oct 28, 2022.
             The game lasted 00:13:24 (4927 turns).

safid the Skirmisher (Minotaur Hunter)              Turns: 4927, Time: 00:13:24

HP:   -1/111 (121)  AC: 24    Str: 16    XL:     9   Next: 7%
MP:   8/8           EV:  2    Int:  6    God:    Okawaru [***...]
Gold: 315           SH:  0    Dex: 18    Spells: 8/8 levels left

rFire   . . .      SeeInvis .   a - +0 shortbow
rCold   . . .      Faith    .   (shield currently unavailable)
rNeg    . . .      Spirit   .   (body armour currently unavailable)
rPois   +          Reflect  .   (helmet currently unavailable)
rElec   .          Harm     .   (cloak currently unavailable)
rCorr   .          Rampage  .   (gloves currently unavailable)
Will    .....      NoTele   +   (boots currently unavailable)
Stlth   ++........              g - amulet of regeneration
HPRegen 1.08/turn               (no ring)
MPRegen 0.11/turn               (no ring)

@: tree-form, mesmerised, drained
A: stationary, stasis, torment immunity, boosted hp, (horns 2), (retaliatory
headbutt)
a: Renounce Religion, Heroism


You were on level 7 of the Dungeon.
You worshipped Okawaru.
Okawaru was most pleased with you.
You were a tree.
You visited 2 branches of the dungeon, and saw 8 of its levels.
You also visited: Sewer.

You collected 315 gold pieces.

Inventory:

Hand Weapons
 a - a +0 shortbow (weapon)
Missiles
 F - 4 silver javelins
Armour
 b - the +2 robe of the Blessed Realm (melded) {-Cast Fly Will+ SInv}
   (You found it on level 2 of the Dungeon)

   SInv:      It lets you see invisible.
   Fly:       It grants you flight.
   -Cast:     It prevents spellcasting.
   Will:      It increases your willpower.
 l - a +0 pair of boots (melded)
 v - a +0 pair of gloves (melded)
Jewellery
 g - an amulet of regeneration (around neck)
 y - a ring of fire
Wands
 x - a wand of iceblast (17)
Scrolls
 c - a scroll of poison {unknown}
 e - 2 scrolls of brand weapon {unknown}
 i - 2 scrolls of blinking {unknown}
 k - 4 scrolls of enchant weapon {unknown}
 m - 3 scrolls of fog {unknown}
 n - a scroll of silence {unknown}
 o - 3 scrolls of noise {unknown}
 p - 5 scrolls of teleportation {unknown}
 r - 2 scrolls of torment {unknown}
 s - a scroll of enchant armour {unknown}
 t - 7 scrolls of identify {unknown}
 z - 2 scrolls of vulnerability {unknown}
 B - a scroll of summoning {unknown}
 D - a scroll of fear {unknown}
Potions
 d - a potion of might {unknown}
 f - 2 potions of attraction
 q - 2 potions of flight {unknown}
 u - a potion of cancellation {unknown}
 w - a potion of berserk rage {unknown}
 A - a potion of mutation {unknown}
 C - a potion of magic {unknown}
 E - a potion of haste {unknown}
 G - a potion of invisibility {unknown}


   Skills:
 - Level 8.0 Fighting
 + Level 11.9 Ranged Weapons
 - Level 2.1 Dodging
 - Level 0.7 Stealth


You had 8 spell levels left.
You didn't know any spells.
Your spell library was empty.

Dungeon Overview and Level Annotations

Branches:
Dungeon (7/15)             Temple (1/1) D:6           Sewer (visited)

Altars:
Ashenzari
Cheibriados
Dithmenos
Elyvilon
Fedhas
Gozag
Hepliaklqana
Kikubaaqudgha
Nemelex Xobeh
Okawaru
Qazlal
Sif Muna
Vehumet
Wu Jian
The Shining One

Shops:
D:6 [

Annotations:
D:5 3 runed translucent doors, Nerdsrcool's ghost, novice MfGl
D:7 Maggie


Innate Abilities, Weirdness & Mutations

You are a tree.
Your roots penetrate the ground, keeping you stationary.
You cannot be teleported.
You are immune to unholy pain and torment.
Your maximum health is greatly increased.
Your equipment is partially melded.
((You have a pair of horns on your head.))
((You reflexively headbutt those who attack you in melee.))


Message History

Aim: Maggie, wielding a +0 broad axe of draining, wearing +0 steam dragon scales and carrying a wand of flame (9) (heavily wounded, mesmerising, spells empowered, 70% to hit)
You shoot an arrow.
The arrow hits Maggie but does no damage.
Maggie is heavily wounded.
You feel very sick.
The hornet stings you but does no damage.
Maggie hits you but does no damage.
You feel drained.
Unknown command.
Unknown command.
Unknown command.
Unknown command.
Unknown command.
Unknown command.
Fire: a) +0 shortbow
Press: ? - help, Q - select action, (/) - cycle Shift-Dir - straight line, f/p - Maggie
Aim: Maggie, wielding a +0 broad axe of draining, wearing +0 steam dragon scales and carrying a wand of flame (9) (heavily wounded, mesmerising, spells empowered, 70% to hit)
You shoot an arrow. The arrow hits Maggie!
Maggie is severely wounded.
You feel very sick.
Maggie seems less brilliant.
The hornet stings you.
* * * LOW HITPOINT WARNING * * *
You feel yourself slow down. Maggie barely misses you. The hornet stings you!
* * * LOW HITPOINT WARNING * * *
Unknown command.
Fire: a) +0 shortbow
Press: ? - help, Q - select action, (/) - cycle Shift-Dir - straight line, f/p - Maggie
Aim: Maggie, wielding a +0 broad axe of draining, wearing +0 steam dragon scales and carrying a wand of flame (9) (severely wounded, mesmerising, 70% to hit)
You shoot an arrow. The arrow closely misses Maggie.
You feel very sick.
The hornet stings you but does no damage.
Maggie zaps a wand.
The puff of flame hits you but does no damage.
The hornet stings you.
* * * LOW HITPOINT WARNING * * *
You feel better.
You feel yourself speed up.
The hornet stings you but does no damage.
Maggie points at you and mumbles some strange words.
The bolt of fire hits you!
You die...

#
#....................
#
.##..................#
#
.....................#
#
#.##................##
# # #.........[....###
.. ##.#.......<....#
.. ####.......(...##
.. #....#.##y....#
#.....####♣..#..#
......# #.@..####
#............##
........##..## #.....
#..# .. ##.. . ... ..#


You could see Maggie (mesmerising) and a hornet.

Vanquished Creatures
  Pikel (D:7)
  Eustachio (D:5)
  2 water moccasins (D:6)
  Pargi (Sewer)
  2 black bears
  A centaur (D:4)
  4 lemures
  A phantom (D:4)
  2 kobold brigands (D:6)
  A bullfrog (D:7)
  2 necrophages
  A scorpion (D:4)
  2 jellies
  A gnoll bouda (D:6)
  An orc priest (D:5)
  3 hounds (D:5)
  2 iguanas
  9 adders
  3 gnolls (D:5)
  A shadow imp (D:7)
  A worm (D:2)
  4 orcs
  7 endoplasms
  5 giant cockroaches
  9 goblins
  5 hobgoblins
  5 jackals
  12 quokkas
  9 ball pythons
  7 bats
  4 frilled lizards
  14 kobolds
  10 rats
133 creatures vanquished.

Vanquished Creatures (others)
  A kobold (D:7)
1 creature vanquished.

Grand Total: 134 creatures vanquished

Notes
Turn   | Place    | Note
-------+----------+-------------------------------------------
     0 | D:1      | safid the Minotaur Hunter began the quest for the Orb.
     0 | D:1      | Reached XP level 1. HP: 18/18 MP: 0/0
    31 | D:1      | Reached XP level 2. HP: 26/26 MP: 1/1
   660 | D:2      | Reached skill level 5 in Ranged Weapons
   660 | D:2      | Reached XP level 3. HP: 27/31 MP: 2/2
  1095 | D:2      | Reached XP level 4. HP: 40/40 MP: 3/3
  1105 | D:2      | Identified the +2 robe of the Blessed Realm {-Cast Fly
                  | Will+ SInv}
  1651 | D:3      | Found an ancient bone altar of Kikubaaqudgha.
  1858 | D:3      | You are sucked into a shaft and drop 2 floors!
  1858 | D:5      | Entered Level 5 of the Dungeon
  1919 | D:4      | Noticed a phantom
  1931 | D:4      | Killed a phantom
  1932 | D:4      | Reached skill level 5 in Fighting
  1932 | D:4      | Reached skill level 6 in Ranged Weapons
  1932 | D:4      | Reached XP level 5. HP: 44/48 MP: 4/4
  2162 | D:4      | Noticed a centaur
  2165 | D:4      | Killed a centaur
  2166 | D:4      | Reached XP level 6. HP: 40/57 MP: 5/5
  2206 | D:4      | Found a radiant altar of Vehumet.
  2309 | D:4      | Found an iron altar of Okawaru.
  2318 | D:4      | Became a worshipper of Warmaster Okawaru
  2758 | D:4      | Reached skill level 7 in Ranged Weapons
  3024 | D:5      | Reached XP level 7. HP: 64/64 MP: 6/6
  3071 | D:5      | Found a shimmering blue altar of Sif Muna.
  3071 | D:5      | Found a snail-covered altar of Cheibriados.
  3080 | D:5      | Reached * piety under Okawaru
  3249 | D:5      | Noticed Eustachio
  3282 | D:5      | Killed Eustachio
  3283 | D:5      | Reached skill level 8 in Ranged Weapons
  3354 | D:5      | Found a runed translucent gate.
  3354 | D:5      | Found a runed translucent gate.
  3354 | D:5      | Found a runed translucent gate.
  3356 | D:5      | Found an opulent altar of Gozag.
  3356 | D:5      | Noticed Nerdsrcool's ghost (novice MfGl)
  3357 | D:5      | Noticed a troll
  3603 | D:6      | Found a glowing drain.
  3621 | Sewer    | Entered a sewer
  3708 | Sewer    | Noticed Pargi
  3748 | Sewer    | Killed Pargi
  3749 | Sewer    | Reached XP level 8. HP: 74/74 MP: 7/7
  4031 | D:6      | Found a staircase to the Ecumenical Temple.
  4042 | Temple   | Entered the Ecumenical Temple
  4164 | D:6      | Found Bulagun's Antique Armour Shop.
  4307 | D:6      | Reached skill level 9 in Ranged Weapons
  4406 | D:6      | Reached ** piety under Okawaru
  4418 | D:7      | Reached skill level 10 in Ranged Weapons
  4449 | D:7      | Noticed Pikel
  4657 | D:7      | HP: 4/111 [Pikel/+1 whip of flaming (2)]
  4658 | D:7      | Killed Pikel
  4659 | D:7      | Reached skill level 11 in Ranged Weapons
  4659 | D:7      | Reached XP level 9. HP: 5/81 MP: 8/8
  4822 | D:6      | Reached *** piety under Okawaru
  4905 | D:7      | Noticed Maggie
  4922 | D:7      | Paralysed by a hornet for 2 turns
  4927 | D:7      | Killed from afar by Maggie

Illustrated notes

Levels and vault maps discovered:
D:1:      minmay_arrival_hallway, layout_basic
D:2:      minmay_general_purpose_star, layout_loops_ring, minmay_quadrilaterals
D:3:      layout_basic, kiku_gazebo_pond_becter, palyth_stone_intersect,
          uniq_crazy_yiuf_cottage
D:4:      layout_gridville, kennysheep_okawaru_gauntlet,
          nicolae_vehumet_radiance
D:5:      layout_basic, gammafunk_temple_overflow_statue, ebering_ghost_gozag,
          hangedman_decor_growths, uniq_eustachio
D:6:      layout_cave_pools, temple_green, serial_shops, shop_fountains,
          gup_sewer_entry_pipe
D:7:      wander_river, layout_cave_pools, minmay_alternating_orb, uniq_maggie,
          uniq_pikel
Temple:   cyrus_temple_forest

Skill      XL: |  1  2  3  4  5  6  7  8 |
---------------+-------------------------+-----
Fighting       | 3 4 5 6 8 |  8.0
Ranged Weapons | 5 6 7 8 11 | 11.9
Dodging        | |  2.1
Stealth        | |  0.7

Action                   |  1- 3 |  4- 6 |  7- 9 || total
-------------------------+-------+-------+-------++-------
 Fire: Shortbow          |    99 |   125 |   301 ||   525
  Use: Potion            |       |       |     8 ||     8
Armor: Leather armour    |    14 |     1 |       ||    15
       Robe              |       |    20 |    51 ||    71
       Skin              |       |       |    20 ||    20
Dodge: Dodged            |    40 |    39 |   118 ||   197
